 Dungeon Crawl Stone Soup version 0.30.0-10-gfe55d96785 (webtiles) character file.

Game seed: 3063879361586817117

149 GigaChad the Covered (level 5, -3/47 HPs)
             Began as a Minotaur Fighter on May 16, 2023.
             Was an Initiate of Gozag.
             Killed by divine providence
             ... invoked by an orc priest
              (11 damage)
             ... on level 4 of the Dungeon.
             The game lasted 00:04:08 (2948 turns).

GigaChad the Covered (Minotaur Fighter)             Turns: 2948, Time: 00:04:08

Health: -3/47      AC:  9    Str: 23    XL:     5   Next: 9%
Magic:  4/4        EV:  8    Int:  5    God:    Gozag
Gold:   568        SH:  4    Dex:  9    Spells: 4/4 levels left

rFire   . . .        a - +0 war axe
rCold   . . .        c - +0 buckler
rNeg    . . .        e - +0 chain mail
rPois   .            (helmet restricted)
rElec   .            (no cloak)
rCorr   .            (no gloves)
SInv    .            (no boots)
Will    .....        (no amulet) Stlth
                     (no ring)
HPRegen 0.27/turn    (no ring)
MPRegen 0.09/turn

%: no passive effects
@: gold aura
A: horns 2, retaliatory headbutt
a: Renounce Religion, Potion Petition, Call Merchant, Bribe Branch


You were on level 4 of the Dungeon.
You worshipped Gozag.
Gozag was pleased with you.
You visited 1 branch of the dungeon, and saw 4 of its levels.

You collected 568 gold pieces.

Inventory:

Hand Weapons
 a - a +0 war axe (weapon)
Armour
 b - a +0 scale mail
 c - a +0 buckler (worn)
 e - a +0 chain mail (worn)
 n - the +0 ring mail of Axzuyma {Will+ SInv}
   (You found it on level 2 of the Dungeon)

   SInv:      It lets you see invisible.
   Will:      It increases your willpower.
Jewellery
 o - a ring of protection from fire
Wands
 f - a wand of roots (8)
 r - a wand of polymorph (2)
Scrolls
 i - a scroll of poison
 l - a scroll of torment
 m - 2 scrolls of teleportation
 p - 3 scrolls of noise
 s - a scroll of enchant weapon {unknown}
Potions
 d - a potion of might
 g - a potion of lignification
 h - a potion of magic
 j - 2 potions of heal wounds
 k - a potion of mutation {unknown}
 q - a potion of degeneration {unknown}
 t - a potion of haste {unknown}


   Skills:
 * Level 4.5 Fighting
 * Level 4.4 Axes
 * Level 4.6 Armour
 * Level 4.3 Shields


You had 4 spell levels left.
You didn't know any spells.
Your spell library contained the following spells:

 Spells                   Type           Power      Damage    Failure   Level
 Magic Dart               Conj           0%         1d3       98%         1
 Sting                    Tmut/Pois      0%         1d3       98%         1
 Ensorcelled Hibernation  Hex/Ice        0%         N/A       99%         2
 Poisonous Vapours        Pois/Air       0%         N/A       99%         2
 Sublimation of Blood     Necr           0%         N/A       99%         2
 Wereblood                Tmut           0%         N/A       99%         2
 Spider Form              Tmut/Pois      0%         N/A       100%        3
 Anguish                  Hex/Necr       0%         N/A       100%        4
 Olgreb's Toxic Radiance  Pois           0%         N/A       100%        4
 Summon Hydra             Summ           0%         N/A       100%        7


Dungeon Overview and Level Annotations

Branches:
Dungeon (4/15)
 Temple: D:4-7

Altars:
Dithmenos
Gozag
Hepliaklqana
Kikubaaqudgha
Ru
Uskayaw
Xom

Shops:
D:1 [


Innate Abilities, Weirdness & Mutations

You have a pair of horns on your head.
You reflexively headbutt those who attack you in melee.


Message History

8 gold pieces; a +0 flail Unknown command.
Found a flail.
You block the orc's attack.
Things that are here:
6 gold pieces; a +0 club Unknown command.
You completely miss the orc. You block the orc's attack.
The orc is distracted by your dazzling golden aura.
Unknown command.
You closely miss the orc.
The orc is no longer distracted by gold.
The orc shouts!
You headbutt the orc.
The orc is moderately wounded.
The orc priest is no longer distracted by gold.
The orc hits you but does no damage.
You hit the orc. Your headbutt misses the orc.
The orc is heavily wounded.
You hit the orc priest.
The orc priest hits you but does no damage.
The orc hits you but does no damage.
Unknown command.
You hit the orc. You headbutt the orc.
You kill the orc!
You barely miss the orc priest.
The orc priest is distracted by your dazzling golden aura.
Unknown command.
The orc priest is no longer distracted by gold.
The orc priest invokes the aid of Beogh against you.
Pain shoots through your body!
* * * LOW HITPOINT WARNING * * *
Items here: $ )) [[.
Unknown command.
You barely miss the orc priest. Your headbutt misses the orc priest.
The orc priest is moderately wounded.
You block the orc priest's attack.
The orc priest mumbles some strange prayers to Beogh against you.
Beogh smites you!
You die...
Your body crumbles into a pile of gold.

........###.###.##...
.....................
........##.##........
..#####.##.##..#.#...
..# #......).#.# ..#
####.......# # ..#
####..###.# ..#
#..###.# ..##
###...@o.# ...#
#..?.$$#...... .#.###
#^#.##.# ##... .#...#
#.#...... # >..#.# #
####..... .....######
)>#.### .##.......#
###.# .########.# ..
.# #...# ##


You could see an orc priest.

Vanquished Creatures
  An orc priest (D:4)
  2 adders
  An ufetubus (D:4)
  7 worms
  3 dart slugs
  7 orcs
  6 ball pythons
  2 bats
  4 endoplasms
  2 giant cockroaches
  5 goblins
  4 hobgoblins
  5 quokkas
  5 frilled lizards
  6 kobolds
  4 rats
64 creatures vanquished.

Notes
Turn   | Place    | Note
-------+----------+-------------------------------------------
     0 | D:1      | GigaChad the Minotaur Fighter began the quest for the Orb.
     0 | D:1      | Reached XP level 1. HP: 19/19 MP: 0/0
    88 | D:1      | Found a faded altar of an unknown god.
   102 | D:1      | Got Plato's Volume of Confrontation
   112 | D:1      | Prayed at the altar of an unknown god.
   112 | D:1      | Became a worshipper of Gozag Ym Sagoz the Greedy
   327 | D:1      | Reached XP level 2. HP: 26/27 MP: 1/1
   438 | D:1      | Found Paekhlir's Armour Emporium.
   824 | D:2      | Reached XP level 3. HP: 33/33 MP: 2/2
  1151 | D:2      | Identified the +0 ring mail of Axzuyma {Will+ SInv}
  1516 | D:3      | You fall into a shaft and drop 1 floor!
  1574 | D:4      | Noticed a +0 hand axe
  1575 | D:4      | Found a hide-covered altar of Uskayaw.
  1576 | D:4      | Noticed a +0 hand axe
  1796 | D:3      | Reached XP level 4. HP: 37/40 MP: 3/3
  1819 | D:3      | Found a shimmering altar of Xom.
  1825 | D:3      | Found an ancient bone altar of Kikubaaqudgha.
  1829 | D:3      | Found a sacrificial altar of Ru.
  2291 | D:3      | Noticed a shadow
  2292 | D:3      | Found a shadowy altar of Dithmenos.
  2293 | D:3      | Found a hazy altar of Hepliaklqana.
  2941 | D:4      | Reached XP level 5. HP: 18/47 MP: 4/4
  2948 | D:4      | Killed from afar by an orc priest

Illustrated notes

Levels and vault maps discovered:
D:1:      dpeg_arrival_simpleton_c, layout_loops_cross, serial_shops, shop,
          shapermc_ecumenical_altar_rom_forum, chequers_serial_rivers_room_a
D:2:      layout_basic, feat_on_display
D:3:      layout_loops_corners, riverfiend_overflow_shadow_ancestor,
          minmay_overflow_temple_star_quad
D:4:      layout_loops_cross, dancing_weapons_uskayaw

Skill      XL: |  1  2  3  4 |
---------------+-------------+-----
Fighting       | 4 |  4.5
Armour         | 4 |  4.6
Shields        | 4 |  4.3
Axes           | 3 4 |  4.4

Action                     |  1- 3 |  4- 6 || total
---------------------------+-------+-------++-------
  Melee: War axe           |    88 |    50 ||   138
         Headbutt          |    10 |     9 ||    19
    Use: Scroll            |     2 |     5 ||     7
   Stab: Distracted        |     1 |       ||     1
 Armour: Chain mail        |    43 |    25 ||    68
  Dodge: Dodged            |    37 |    19 ||    56
  Block: Buckler           |    13 |    11 ||    24
